 Dungeon Crawl Stone Soup version 0.17.0-24-gcfadda4 (webtiles) character file.

4703 Sorcv the Covert (level 10, -1/70 HPs)
             Began as a Mummy Enchanter on Nov 15, 2015.
             Was a Believer of Ashenzari.
             Slain by a killer bee (5 damage)
             ... on level 8 of the Dungeon.
             The game lasted 00:37:29 (8830 turns).

Sorcv the Covert (Mummy Enchanter)                  Turns: 8830, Time: 00:37:30

Health: -1/70      AC:  5    Str: 11    XL:     10   Next: 21%
Magic:  4/13       EV: 15    Int: 20    God:    Ashenzari [**....]
Gold:   568        SH:  0    Dex: 17    Spells: 3 memorised, 7 levels left

rFire  x . .     SeeInvis .     o - +2 dagger (drain) (curse)
rCold  + . .     Clarity  .     b - +1 robe
rNeg   + + +     SustAt   .     (no shield)
rPois  ∞         Gourm    .     j - +0 helmet (curse)
rElec  .         Spirit   .     (no cloak)
rCorr  .         Warding  .     (no gloves)
rMut   +         Stasis   .     m - +0 pair of boots
MR     +....                    n - amulet of resist mutation (curse)
Stlth  +++++.....               (no ring)
                                i - +6 ring of intelligence (curse)

@: somewhat resistant to hostile enchantments, quite stealthy
A: no food or potions, fire vulnerability, cold resistance 1, negative energy
resistance 3, torment resistance, unbreathing
a: Scrying, Renounce Religion


You were on level 8 of the Dungeon.
You worshipped Ashenzari.
Ashenzari was pleased with you.
You were not hungry.

You visited 2 branches of the dungeon, and saw 9 of its levels.
You also visited: Ossuary.

You collected 568 gold pieces.

Inventory:

Hand Weapons
 a - a +1 dagger
 e - a +1 dagger of draining
 f - a +0 dagger
 o - a cursed +2 dagger of draining (weapon)
Armour
 b - a +1 robe (worn)
 j - a cursed +0 helmet (worn)
 m - a +0 pair of boots (worn)
Jewellery
 i - a cursed +6 ring of intelligence (left hand)
 n - a cursed amulet of resist mutation (around neck)
Wands
 d - a wand of confusion (8)
 g - a wand of fireball (9)
 t - a wand of slowing (38)
Scrolls
 h - 2 scrolls of recharging
 l - a scroll of amnesia
 p - a scroll of noise
 q - 2 scrolls of curse weapon
 r - 2 scrolls of remove curse
 s - a scroll of magic mapping
 u - 2 scrolls of immolation
Books
 c - a book of Maledictions

   Spells                             Type                      Level
   a - Corona                         Hexes                        1
   b - Ensorcelled Hibernation        Hexes/Ice                    2
   c - Confuse                        Hexes                        3
   d - Tukima's Dance                 Hexes                        3
   e - Dazzling Spray                 Conjuration/Hexes            3
 k - a book of Conjurations

   Spells                             Type                      Level
   a - Magic Dart                     Conjuration                  1
   b - Searing Ray                    Conjuration                  2
   c - Dazzling Spray                 Conjuration/Hexes            3
   d - Fulminant Prism                Conjuration/Hexes            4
   e - Iskenderun's Mystic Blast      Conjuration                  4
   f - Iskenderun's Battlesphere      Conjuration/Charms           5


   Skills:
 - Level 3.1 Fighting
 - Level 5.0(7.3) Short Blades
 + Level 5.4 Dodging
 + Level 10.0 Stealth
 - Level 2.0 Spellcasting
 - Level 5.0(6.4) Hexes
 - Level 1.2(2.2) Evocations


You had 7 spell levels left.
You knew the following spells:

 Your Spells              Type           Power        Failure   Level  Hunger
a - Corona                Hex            ####...      1%          1    N/A
b - Ensorcelled Hibernat  Hex/Ice        ###...       10%         2    N/A
c - Confuse               Hex            ####....     4%          3    N/A

Dungeon Overview and Level Annotations

Branches:
Dungeon (8/15)             Temple (1/1) D:4            Lair (0/8) D:8

Altars:
Ashenzari
Cheibriados
Gozag
Makhleb
Okawaru
Sif Muna
Yredelemnul

Shops:
D:5 !

Annotations:
D:4 exclusion: slave
D:8 Joseph


Innate Abilities, Weirdness & Mutations

You do not eat or drink.
Your flesh is vulnerable to fire.
You are immune to poison.
Your flesh is cold resistant.
You are immune to negative energy.
You are immune to unholy pain and torment.
You can survive without breathing.


Message History

The killer bee closely misses you.
The crimson imp shouts, "Fly, thou paunchy half-faced fogey!"
The crimson imp closely misses you.
The killer bee buzzes angrily.
The killer bee stings you.
* * * LOW HITPOINT WARNING * * *
The worker ant barely misses you. The killer bee barely misses you.
The crimson imp grins evilly.
The crimson imp closely misses you. The worker ant completely misses you.
The killer bee buzzes angrily. x2
The killer bee stings you!
* * * LOW HITPOINT WARNING * * *
The killer bee stings you.
* * * LOW HITPOINT WARNING * * *
The killer bee barely misses you.
The killer bee stings you but does no damage.
Read which item? (? for menu, Esc to quit)
Okay, then.
The killer bee stings you.
You die...

.......#........# #..........
.......#........# #.........F
.......#........######..........
#>................FYo...######.#
#.#...y.........####.......# * .
* ##y#......###.# #.......# *#
#,#.##..y.<..# #.......# ###
#,#5##.......# #.......# #..
*#.#.##....yy@## #.......# #..
*#.#.##.†...yy.# #.......###..
#, #..........a.y# #..........##
##.####.#####..5..#
###........##
.....##.#.........# #........##
........#........)# #........##
.....####.........## #........##
....,, ,#..........# #........##
Y.. , ,#..........# #........##


You could see a worker ant, 6 killer bees and a crimson imp.

Vanquished Creatures
  A hill giant (D:6)
  Pikel (D:4)
  A spiny frog (D:8)
  Grinder (D:4)
  A yak (D:6)
  Edmund (D:6)
  2 slaves (D:4)
  An ice beast (D:7)
  A sky beast (D:7)
  2 orc warriors (D:6)
  A necrophage (D:5)
  A phantom (D:7)
  2 centaurs
  3 ogres
  4 giant frogs
  A water moccasin zombie (Ossuary)
  2 scorpions
  7 wights
  5 orc wizards
  2 centaur zombies
  2 crimson imps
  5 hounds
  4 jellies
  2 orc priests
  2 quasits (D:8)
  An iguana (D:7)
  A centaur skeleton (D:4)
  Terence (D:3)
  8 worker ants
  Natasha (twice) (D:3)
  A giant frog skeleton (D:6)
  2 big kobold zombies (Ossuary)
  2 gnolls
  3 mummies
  Robin (D:1)
  2 worker ant zombies
  8 adders
  An ooze (D:4)
  6 adder zombies
  7 giant geckos
  31 orcs
  3 ball pythons
  8 bats
  3 giant cockroaches
  13 goblins
  8 hobgoblins
  8 jackals
  A giant gecko skeleton (D:5)
  5 giant newts
  3 gnoll zombies (Ossuary)
  6 hobgoblin zombies (Ossuary)
  4 kobolds
  6 kobold zombies (Ossuary)
  6 orc zombies (Ossuary)
  6 quokkas
  2 quokka zombies
  5 rats
219 creatures vanquished.

Notes
Turn   | Place    | Note
--------------------------------------------------------------
     0 | D:1      | Sorcv the Mummy Enchanter began the quest for the Orb.
     0 | D:1      | Reached XP level 1. HP: 13/13 MP: 3/3
    89 | D:1      | Reached skill level 1 in Short Blades
   321 | D:1      | Reached XP level 2. HP: 15/20 MP: 5/5
   325 | D:1      | Learned a level 2 spell: Ensorcelled Hibernation
   579 | D:1      | Reached skill level 3 in Hexes
   586 | D:1      | Reached skill level 1 in Fighting
   782 | D:2      | Reached XP level 3. HP: 23/26 MP: 6/6
   787 | D:2      | Learned a level 3 spell: Confuse
   945 | D:2      | Noticed Robin
  1119 | D:1      | Killed Robin
  1548 | D:2      | Reached XP level 4. HP: 26/33 MP: 0/7
  1880 | D:3      | Noticed Natasha
  1885 | D:3      | Killed Natasha
  2583 | D:3      | Reached XP level 5. HP: 32/39 MP: 8/8
  2747 | D:3      | Noticed Terence
  2753 | D:3      | Killed Terence
  2858 | D:3      | Noticed Natasha
  2864 | D:3      | Killed Natasha
  3084 | D:4      | Noticed Grinder
  3369 | D:4      | Paralysed by Grinder for 2 turns
  3408 | D:4      | Reached XP level 6. HP: 45/47 MP: 9/9
  3449 | D:4      | Reached skill level 4 in Stealth
  3891 | D:4      | Noticed a slave
  3891 | D:4      | Noticed a slave
  3930 | D:4      | Found a staircase to the Ecumenical Temple.
  3976 | D:5      | Entered Level 5 of the Dungeon
  4293 | D:5      | Reached XP level 7. HP: 43/52 MP: 3/10
  4476 | D:4      | Reached skill level 5 in Stealth
  4606 | Temple   | Entered the Ecumenical Temple
  4650 | Temple   | Became a worshipper of Ashenzari the Shackled
  4739 | D:4      | Noticed Pikel
  4739 | D:4      | Noticed a slave
  4745 | D:4      | Killed a slave
  4759 | D:4      | Killed a slave
  4811 | D:4      | Killed Pikel
  4811 | D:4      | Reached skill level 5 in Hexes
  4811 | D:4      | Reached XP level 8. HP: 58/58 MP: 8/11
  4812 | D:4      | Noticed a freed slave
  4856 | D:4      | Killed Grinder
  4856 | D:4      | Reached skill level 6 in Stealth
  4856 | D:4      | Reached skill level 1 in Evocations
  5237 | D:5      | Found Kuah's Distillery.
  5451 | D:5      | Reached skill level 5 in Short Blades
  5472 | D:5      | Found an opulent altar of Gozag.
  5556 | D:6      | Noticed Edmund
  5565 | D:6      | Reached * piety under Ashenzari
  5762 | D:6      | Reached skill level 7 in Stealth
  6341 | D:6      | Reached XP level 9. HP: 51/63 MP: 6/12
  6472 | D:6      | Killed Edmund
  6472 | D:6      | Reached skill level 8 in Stealth
  6749 | D:7      | Noticed a hill giant
  6799 | D:6      | Killed a hill giant
  6799 | D:6      | Reached skill level 9 in Stealth
  7464 | D:7      | Reached ** piety under Ashenzari
  7514 | D:7      | Reached XP level 10. HP: 62/70 MP: 9/13
  7834 | D:8      | Noticed Joseph
  7885 | D:8      | Found a sand-covered staircase.
  7892 | Ossuary  | Entered an ossuary
  8109 | Ossuary  | Reached skill level 5 in Dodging
  8760 | D:8      | Found a staircase to the Lair.
  8819 | D:8      | Reached skill level 10 in Stealth
  8830 | D:8      | Slain by a killer bee

Action                   |  1- 3 |  4- 6 |  7- 9 | 10-12 || total
-------------------------+-------+-------+-------+-------++-------
Melee: Dagger            |   112 |   189 |   306 |   280 ||   887
 Cast: Ensorcelled Hiber |    11 |    25 |    33 |    13 ||    82
       Confuse           |       |     7 |    27 |     6 ||    40
       Corona            |       |       |       |     2 ||     2
Evoke: Wand              |       |       |       |     4 ||     4
  Use: Scroll            |       |     6 |     5 |     4 ||    15
 Stab: Sleeping          |     8 |    24 |    33 |    13 ||    78
       Confused          |       |     3 |    13 |     4 ||    20
       Distracted        |       |       |     1 |       ||     1
